 Dungeon Crawl Stone Soup version 0.21.0 (webtiles) character file.

26 tidbits the Magician (level 3, 0/28 HPs)
             Began as a Barachi Skald on Jan 6, 2018.
             Slain by Grinder (1 damage)
             ... on level 3 of the Dungeon.
             The game lasted 00:04:31 (445 turns).

tidbits the Magician (Barachi Skald)                 Turns: 445, Time: 00:04:31

Health: 0/28       AC:  5    Str: 12    XL:     3   Next: 8%
Magic:  0/8        EV: 12    Int: 14    God:
Gold:   60         SH:  0    Dex: 11    Spells: 1/9 levels left

rFire    . . .     SeeInvis .   f - +1 dagger (venom)
rCold    . . .     Gourm    .   (no shield)
rNeg     . . .     Faith    .   b - +0 leather armour
rPois    +         Spirit   .   (no helmet)
rElec    .         Reflect  .   C - +1 cloak
rCorr    .         Harm     .   (no gloves)
MR       .....                  (no boots)
Stlth    +.........             (no amulet)
HPRegen  0.09/turn              P - ring of poison resistance
MPRegen  0.11/turn              (no ring)

@: infused (expiring), hasted (expiring), very quick
A: +LOS, swims, slowness 1, strong legs 1
a: Hop


You were on level 3 of the Dungeon.
You were not hungry.

You visited 1 branch of the dungeon, and saw 3 of its levels.

You collected 60 gold pieces.

Inventory:

Hand Weapons
 a - a +0 falchion
 f - a +1 dagger of venom (weapon)
   (You took it off a goblin on level 1 of the Dungeon)
Missiles
 i - 18 arrows
Armour
 b - a +0 leather armour (worn)
 C - a +1 cloak (worn)
Jewellery
 P - a ring of poison resistance (left hand)
   (You found it on level 3 of the Dungeon)
Scrolls
 g - a scroll of amnesia
 h - a scroll of teleportation
Books
 c - a book of Battle

   Spells                             Type                      Level
   a - Infusion                       Charms                       1
   b - Shroud of Golubria             Charms/Translocation         2
   c - Song of Slaying                Charms                       2
   d - Spectral Weapon                Hexes/Charms                 3
   e - Regeneration                   Charms/Necromancy            3
Comestibles
 d - 2 rations


   Skills:
 - Level 2.4 Fighting
 - Level 2.4 Long Blades
 - Level 1.2 Armour
 - Level 2.1 Dodging
 - Level 3.5 Spellcasting
 + Level 3.4 Charms


You had one spell level left.
You knew the following spells:

 Your Spells              Type           Power        Failure   Level  Hunger
g - Shroud of Golubria    Chrm/Tloc      #.........   19%         2    ##.....
i - Infusion              Chrm           ##..         6%          1    #......
r - Regeneration          Chrm/Necr      #.........   36%         3    ###....
y - Song of Slaying       Chrm           ##......     10%         2    ##.....


Dungeon Overview and Level Annotations

Branches:
Dungeon (3/15)

Altars:

Annotations:
D:3 Grinder


Innate Abilities, Weirdness & Mutations

Shadows flee at your approach. (+LOS)
You can swim through water.
You cover ground slowly.
You can hop short distances.


Message History

It was a scroll of immolation.
As you read the scroll labeled ROOPLEAKAWK, it crumbles to dust.
The scroll dissolves into smoke.
It was a scroll of fog.
As you read the scroll labeled WANERAM UZIXE, it crumbles to dust.
It is a scroll of enchant armour.
Your +0 cloak glows green for a moment.
It was a potion of haste.
You feel yourself speed up. Grinder gestures at you.
You barely resist.
It was a potion of cancellation.
Your magical effects are unravelling.
You feel magically purged.
You feel yourself slow down.
You feel yourself speed up.
Casting: Shroud of Golubria
Confirm with . or Enter, or press ? or * to list all spells.
Space distorts slightly along a thin shroud covering your body.
Unknown command.
Casting: Shroud of Golubria
Confirm with . or Enter, or press ? or * to list all spells.
You begin infusing your attacks with magical energy.
Grinder hits you but does no damage.
Unknown command.
You barely miss Grinder.
Your shroud bends Grinder's attack away.
You closely miss Grinder. You hit Grinder.
Grinder is lightly wounded.
Grinder hits you but does no damage.
You hit Grinder.
Grinder is lightly wounded.
You hit Grinder.
Grinder is poisoned.
Grinder is lightly wounded.
Grinder gestures at you.
You suddenly lose the ability to move!
Grinder gestures at you.
You shrug off the repeated paralysis!
Your shroud bends Grinder's attack away.
Grinder hits you!
You writhe in agony.
Your shroud falls apart!
Grinder hits you.
* * * LOW HITPOINT WARNING * * *
You writhe in agony.
* * * LOW HITPOINT WARNING * * *
Your magical infusion is running out.
Grinder hits you.
* * * LOW HITPOINT WARNING * * *
Grinder hits you but does no damage.
Grinder blinks!
You can move again.
You aren't carrying any potions.
Unknown command.
Okay, then.
Casting: Infusion
Confirm with . or Enter, or press ? or * to list all spells.
Your skin crawls.
Unknown command.
You aren't carrying any items that you can evoke.
Unknown command.
A rat comes into view.
The rat moves out of view.
Wield which item (- for none, * to show all)? (? for menu, Esc to quit)
Okay, then.
Grinder blinks!
Found 4 gold pieces.
Grinder gestures at you.
You shrug off the repeated paralysis!
Unknown command.
Your skin is crawling a little less now.
You are no longer magically infusing your attacks.
You aren't carrying any potions.
Unknown command.
Casting: Regeneration
Confirm with . or Enter, or press ? or * to list all spells.
You begin infusing your attacks with magical energy.
Grinder blinks!
You hit Grinder.
Grinder is severely wounded.
Grinder gestures at you.
You suddenly lose the ability to move!
Grinder hits you but does no damage.
Your skin stops crawling.
Grinder hits you.
* * * LOW HITPOINT WARNING * * *
You writhe in agony.
* * * LOW HITPOINT WARNING * * *
The rat bites you but does no damage. Grinder hits you.
* * * LOW HITPOINT WARNING * * *
The rat bites you but does no damage.
Your magical infusion is running out.
Grinder blinks!
The rat bites you but does no damage.
Your extra speed is starting to run out.
The rat completely misses you. The rat bites you but does no damage.
You can move again.
You hit the rat.
You kill the rat!
Grinder looks more healthy.
Grinder hits you.
You die...

........ #......#.......#
..)..... #......#.......#
.......$ #......#.......#
........##.§....#.......#
................+.§...>)#
####.[.........#.......#
#####...........#.......#
................#.......#
#####...@.####.##.......#
#...5.# #.####....##
#.....# #.# #....##
#...... #.# #......
#......# #.####...##.
#......# #....'...'..
#......# #.####...##.
#......# #.# #...###
#......# #.# #...# #


You could see Grinder.

Vanquished Creatures
  A dart slug (D:1)
  4 hobgoblins
  3 kobolds (D:1)
  4 bats
  2 frilled lizards (D:1)
  4 goblins
  6 rats
24 creatures vanquished.

Notes
Turn   | Place    | Note
-------+----------+-------------------------------------------
     0 | D:1      | tidbits the Barachi Skald began the quest for the Orb.
     0 | D:1      | Reached XP level 1. HP: 17/17 MP: 3/3
    41 | D:1      | Reached XP level 2. HP: 18/23 MP: 3/5
    61 | D:1      | Reached skill level 3 in Spellcasting
    66 | D:1      | Learned a level 2 spell: Song of Slaying
    69 | D:1      | Learned a level 2 spell: Shroud of Golubria
   333 | D:3      | Reached XP level 3. HP: 27/28 MP: 5/8
   338 | D:3      | Learned a level 3 spell: Regeneration
   408 | D:3      | Noticed Grinder
   423 | D:3      | Paralysed by Grinder for 7 turns
   438 | D:3      | Paralysed by Grinder for 6 turns
   441 | D:3      | HP: 1/28 [Grinder (3)]
   445 | D:3      | Slain by Grinder

Skill      XL: |  1  2 |
---------------+-------+-----
Spellcasting   | 3 |  3.5
Fighting       | |  2.4
Long Blades    | |  2.4
Armour         | |  1.2
Dodging        | |  2.1
Charms         | |  3.4

Action                   || total
-------------------------++-------
Melee: Dagger            ||    63
       Falchion          ||     2
 Cast: Infusion          ||     4
       Shroud of Golubri ||     8
       Regeneration      ||     1
  Use: Scroll            ||     6
       Potion            ||     3
Armor: Leather armour    ||    29
Dodge: Dodged            ||    24
       Rpst.: Falchion   ||     1

Table legend:
 A = Turns spent in this place as a percentage of turns spent in the entire game.
 B = Non-inter-level travel turns spent in this place as a percentage of non-inter-level travel turns spent in the entire game.
 C = Inter-level travel turns spent in this place as a percentage of turns spent in this place.
 D = Turns resting spent in this place as a percentage of non-inter-level travel turns spent in this place.
 E = Turns spent auto-exploring this place as a percentage of non-inter-level travel turns spent in this place.
 F = Non-inter-level travel turns spent in this place divided by the number of levels of this place that you've seen.
                   A       B       C       D       E      F
               +-------+-------+-------+-------+-------+----------------------
         Total | 100.0 | 100.0 |   0.0 |   0.0 |   0.0 | 148.3
       Dungeon | 100.0 | 100.0 |   0.0 |   0.0 |   0.0 | 148.3
               +-------+-------+-------+-------+-------+----------------------

Table legend:
 A = Kills in this place as a percentage of kills in entire the game.
 B = Kills by you in this place as a percentage of kills by you in the entire game.
 C = Kills by friends in this place as a percentage of kills by friends in the entire game.
 D = Other kills in this place as a percentage of other kills in the entire game.
 E = Experience gained in this place as a percentage of experience gained in the entire game.
 F = Experience gained in this place divided by the number of levels of this place that you have seen.
                   A       B       C       D       E      F
               +-------+-------+-------+-------+-------+----------------------
         Total | 100.0 | 100.0 |   N/A |   N/A | 100.0 |  12.7
       Dungeon | 100.0 | 100.0 |   N/A |   N/A | 100.0 |  12.7
               +-------+-------+-------+-------+-------+----------------------

Vault maps used:
D:1:      minmay_arrival_radiant_lines
D:2:      marbit_many_paths, nicolae_gozag_zags_fifth_avenue
D:3:      first_ration, uniq_grinder
